 Dungeon Crawl Stone Soup version 0.19.0-20-gbc5f0c6 (webtiles) character file.

242 Rrauwl the Cutter (level 6, -1/41 HPs)
             Began as a Formicid Earth Elementalist on Nov 18, 2016.
             Slain by an adder (3 damage)
             ... on level 3 of the Dungeon.
             The game lasted 00:13:04 (1318 turns).

Rrauwl the Cutter (Formicid Earth Elementalist)     Turns: 1318, Time: 00:13:05

Health: -1/41      AC:  1    Str: 14      XL:     6   Next: 30%
Magic:  0/10       EV: 12    Int: 13 (14) God:
Gold:   76         SH:  0    Dex: 12      Spells: 1 memorised, 9 levels left

rFire  . . .     SeeInvis +     g - +4 dagger
rCold  . . .     Gourm    .     (no armour)
rNeg   . . .     Faith    .     (no shield)
rPois  .         Spirit   .     (helmet unavailable)
rElec  .         Reflect  .     (no cloak)
rCorr  .         Harm     .     j - +0 pair of gloves (curse)
MR     .....                    (no boots)
Stlth  ++........               (no amulet)
                                (no ring)
                                (no ring)

@: no status effects
A: permanent stasis, dig shafts and tunnels, four strong arms, antennae 3,
talons 1, deterioration 1, sense surroundings 1
a: Dig, Shaft Self


You were on level 3 of the Dungeon.
You were not hungry.

You visited 1 branch of the dungeon, and saw 3 of its levels.

You collected 76 gold pieces.

Inventory:

Hand Weapons
 g - a +4 dagger (weapon)
 i - a +0 hunting sling
 m - a +2 dagger of venom
Missiles
 b - 141 stones (quivered)
Armour
 a - a +0 pair of gloves
 c - a +0 robe
 j - a cursed +0 pair of gloves (worn)
Scrolls
 h - 2 scrolls of identify
 l - a scroll of remove curse
Books
 e - a book of Geomancy

   Spells                             Type                      Level
   a - Sandblast                      Earth                        1
   b - Passwall                       Transmutation/Earth          2
   c - Stone Arrow                    Conjuration/Earth            3
   d - Petrify                        Transmutation/Earth          4
   e - Lee's Rapid Deconstruction     Earth                        5
Comestibles
 d - 2 bread rations
 f - 9 chunks of flesh
 k - a meat ration


   Skills:
 + Level 5.1 Short Blades
 + Level 1.7 Dodging
 - Level 2.4 Stealth
 + Level 2.7 Spellcasting
   Level 1.1 Transmutations
 + Level 4.1 Earth Magic


You had 9 spell levels left.
You knew the following spells:

 Your Spells              Type           Power        Failure   Level  Hunger
a - Sandblast             Erth           ##....       6%          1    #......


Dungeon Overview and Level Annotations

Branches:
Dungeon (3/15)

Altars:


Innate Abilities, Weirdness & Mutations

You are under a permanent stasis effect.
You can dig through walls and to a lower floor.
Your four strong arms can wield two-handed weapons with a shield.
You have a pair of large antennae on your head. (SInv)
You have sharp toenails.
Your body sometimes deteriorates upon taking damage.
You passively map a small area around you.


Message History

The adder bites you.
* * * LOW HITPOINT WARNING * * *
You hit the adder. Your kick misses the adder.
The adder is moderately wounded.
The adder barely misses you.
You barely miss the adder. You claw the adder, but do no damage.
The adder is moderately wounded.
The adder bites you.
* * * LOW HITPOINT WARNING * * *
You hit the adder.
The adder is heavily wounded.
The adder barely misses you.
You completely miss the adder.
The adder is heavily wounded.
The adder bites you.
* * * LOW HITPOINT WARNING * * *
You hit the adder. Your kick misses the adder.
The adder is severely wounded.
The adder bites you.
You die...

#...# *,**,,*** *
#...####?#..*******
#.........).,,,,,,,
#...###..#,,,**,,,,
#....[...#**,,*,,,,
#....###..#**,,,,,, #...##
**.##***,,,, ##S## *,..* *,,,,
#@# **#.* *,,,*
###.########.######)
########...................
##.....#.....#######.<#*..#*
##.............######..#*#.##
#...............#......###...
#.................####....###
#.....รท.........######.......
#..........................##


You could see an adder.

Vanquished Creatures
  Sigmund (D:2)
  Jessica (D:3)
  2 adders (D:2)
  4 worms
  2 dart slugs (D:1)
  2 leopard geckos
  7 bats
  3 giant cockroaches
  4 goblins
  2 hobgoblins
  A ball python (D:1)
  3 frilled lizards
  2 kobolds (D:1)
  5 rats
39 creatures vanquished.

Notes
Turn   | Place    | Note
-------+----------+-------------------------------------------
     0 | D:1      | Rrauwl the Formicid Earth Elementalist began the quest for the Orb.
     0 | D:1      | Reached XP level 1. HP: 13/13 MP: 3/3
    94 | D:1      | Reached XP level 2. HP: 18/19 MP: 0/5
   244 | D:1      | Gained mutation: You passively map a small area around you. [potion of mutation]
   244 | D:1      | Gained mutation: Your body sometimes deteriorates upon taking damage. [potion of mutation]
   244 | D:1      | Gained mutation: You have sharp toenails. [potion of mutation]
   444 | D:2      | Reached XP level 3. HP: 24/24 MP: 7/7
   482 | D:2      | Reached skill level 1 in Short Blades
   716 | D:2      | Noticed Sigmund
   738 | D:2      | Killed Sigmund
   738 | D:2      | Reached skill level 4 in Short Blades
   738 | D:2      | Reached XP level 4. HP: 7/30 MP: 1/8
   738 | D:2      | Reached XP level 5. HP: 9/35 MP: 1/9
   984 | D:2      | Reached XP level 6. HP: 19/41 MP: 10/10
  1296 | D:3      | Noticed Jessica
  1308 | D:3      | Killed Jessica
  1308 | D:3      | Reached skill level 5 in Short Blades
  1317 | D:3      | HP: 2/41 [adder (2)]
  1318 | D:3      | Slain by an adder

Skill      XL: |  1  2  3  4  5  6 |
---------------+-------------------+-----
Earth Magic    | 4 |  4.1
Short Blades   | 4 5 |  5.1
Dodging        | |  1.7
Stealth        | |  2.4
Spellcasting   | |  2.7
Transmutations | |  1.1

Action                   |  1- 3 |  4- 6 || total
-------------------------+-------+-------++-------
Melee: Unarmed           |    32 |       ||    32
       Dagger            |    21 |    27 ||    48
       Kick              |     2 |     3 ||     5
 Cast: Sandblast         |    40 |    30 ||    70
  Use: Scroll            |     4 |     2 ||     6
       Potion            |     3 |       ||     3
 Stab: Sleeping          |       |     2 ||     2
  Eat: Chunk             |       |     2 ||     2
Armor: Robe              |    21 |       ||    21
       Skin              |       |     1 ||     1
Dodge: Dodged            |    62 |    11 ||    73
